 Dungeon Crawl Stone Soup version 0.30-a0-360-g447f08457e (webtiles) character file.

Game seed: 14686251289502431211

13 mcwallace the Chiller (level 2, -4/18 HPs)
             Began as an Octopode Ice Elementalist on Nov 14, 2022.
             Slain by a gnoll
             ... wielding a +0 spear
              (9 damage)
             ... on level 1 of the Dungeon.
             The game lasted 00:01:19 (494 turns).

mcwallace the Chiller (Octopode Ice Elementalist)    Turns: 494, Time: 00:01:20

Health: -4/18      AC:  1    Str:  7    XL:     2   Next: 37%
Magic:  1/5        EV: 13    Int: 17    God:
Gold:   15         SH:  0    Dex: 12    Spells: 4/5 levels left

rFire   . . .      SeeInvis .    h - +0 falchion {long}
rCold   . . .      Faith    .    (no shield)
rNeg    . . .      Spirit   .    (helmet restricted)
rPois   .          Reflect  .    (no amulet)
rElec   .          Harm     .    (no ring)
rCorr   .          Rampage  .    (no ring)
Will    .....                    (no ring)
Stlth   +++.......               (no ring)
HPRegen 0.23/turn                (no ring)
MPRegen 0.09/turn                (no ring)
                                 (no ring)
                                 (no ring)

@: no status effects
A: almost no armour, amphibious, 8 rings, camouflage 1, gelatinous body 1,
(nimble swimmer 1), tentacles
a: no special abilities


You were on level 1 of the Dungeon.
You visited 1 branch of the dungeon, and saw 1 of its levels.

You collected 15 gold pieces.


Innate Abilities, Weirdness & Mutations

You cannot wear most types of armour.
You are amphibious.
You can wear up to eight rings at the same time.
Your skin changes colour to match your surroundings (Stealth+).
Your rubbery body absorbs attacks. (AC +1, EV +1)
((You are camouflaged when in or above water. (Stealth+)))
You have tentacles for arms and can constrict up to eight enemies at once.


   Skills:
 + Level 0.7 Fighting
 + Level 2.2 Dodging
 - Level 2.6 Stealth
 + Level 2.2 Spellcasting
 + Level 4.1 Ice Magic


You had 4 spell levels left.
You knew the following spells:

 Your Spells              Type           Power      Damage    Failure   Level
a - Freeze                Ice            64%        1d7       3%          1

Your spell library contained the following spells:

 Spells                   Type           Power      Damage    Failure   Level
 Frozen Ramparts          Ice            32%        1d5       11%         3
 Ozocubu's Armour         Ice            16%        N/A       11%         3
 Summon Ice Beast         Ice/Summ       8%         N/A       63%         4

Inventory:

Hand Weapons
 c - a +0 club {mace}
   (You took it off a goblin on level 1 of the Dungeon)
 h - a +0 falchion (weapon) {long}
   (You found it on level 1 of the Dungeon)
Missiles
 d - 40 stones {throwing}
Scrolls
 b - a scroll of brand weapon {unknown}
 e - a scroll of teleportation {unknown}
 j - a scroll of poison {unknown}
 k - a scroll of noise {unknown}
Potions
 a - a potion of magic
 f - a potion of heal wounds {unknown}
 g - a potion of lignification {unknown}
 i - a potion of mutation {unknown}

Dungeon Overview and Level Annotations

Branches:
Dungeon (1/15) Zot: 5501

Altars:

..##### ##................#
..#...# ..........>.......#
......####.........#......+
#.....# ####.......?.....#
.....#####...............##
......[..................#
...................#.....#
...........#......b#.....#
#..........#....@..#.....#
#†.........#....g..#######
#..†.......#.......#
.....................
#..........#......####
..............##+##
#..............
....#######.#.. ###.# #


You could see a gnoll and a bat.


Message History

You hit the bat. You grab the bat.
You constrict the bat, but do no damage.
The bat misses you.
The bat escapes!
The bat misses you.
You hit the bat but do no damage. Your grab misses the bat.
Your squeeze misses the bat. The bat barely misses you.
You miss the bat. You grab the bat. You constrict the bat.
You kill the bat!
You see here a +0 falchion {long}.
h - a +0 falchion {long}
h - a +0 falchion (weapon)
{long} You see here a bat corpse.
d - 32 stones {throwing} (gained 8)
A goblin comes into view. It is wielding a +0 club.
The goblin shouts!
A goblin comes into view. It is wielding a +0 club.
You barely miss the goblin. You grab the goblin. You squeeze the goblin.
You kill the goblin!
Aiming: Freeze (safe; 3% risk of failure)
Press: ? - help, Q - select action, (/) - cycle Shift-Dir - straight line, f - you
Okay, then.
A goblin is nearby!
A goblin is nearby!
You barely miss the goblin. Your grab misses the goblin. The goblin misses you.
You slash the goblin!
You kill the goblin!
No target in view!
No target in view!
i - a viscous orange potion
d - 40 stones {throwing} (gained 8)
j - a scroll labelled BOIZUKLINEO A rat comes into view.
Found a stone staircase leading down.
A rat is nearby!
A rat is nearby!
A rat is nearby!
A rat is nearby!
A rat is nearby!
You slash the rat!
You kill the rat!
No target in view!
No target in view!
k - a scroll labelled TUQOMOADUTT A gnoll comes into view.
It is wielding a +0 spear.
A gnoll is nearby!
A gnoll is nearby!
A gnoll is nearby!
A gnoll is nearby!
A gnoll is nearby!
A bat comes into view.
The gnoll shouts!
The gnoll misses you.
You closely miss the bat. You grab the bat. You constrict the bat.
The bat closely misses you.
The bat struggles to escape constriction.
The bat escapes!
The gnoll hits you from afar with a +0 spear.
The bat hits you.
The gnoll hits you from afar with a +0 spear. 😮 HP[-7]
You take 7 damage, and now have 11/18 hp.
MASSIVE DAMAGE!! (PAUSE)
The bat hits you but does no damage.
The gnoll hits you but does no damage. 😮 HP[+1]
Aiming: Freeze (safe; 3% risk of failure)
Press: ? - help, Q - select action, (/) - cycle Shift-Dir - straight line, f - bat
Aim: a bat (severely wounded)
Okay, then.
Aiming: Freeze (safe; 3% risk of failure)
Press: ? - help, Q - select action, (/) - cycle Shift-Dir - straight line, f - gnoll
Aim: a gnoll, wielding a +0 spear You freeze the gnoll.
The bat barely misses you. The gnoll hits you with a +0 spear.
* * * LOW HITPOINT WARNING * * *
😨 HP[-4] MP[-1]
You take 4 damage, and now have 8/18 hp.
MASSIVE DAMAGE!! (PAUSE)
You lost 1 mp, and now have 4/5 mp.
Aiming: Freeze (safe; 3% risk of failure)
Press: ? - help, Q - select action, (/) - cycle Shift-Dir - straight line, f/p - gnoll
Aim: a gnoll, wielding a +0 spear (lightly wounded)
You freeze the gnoll. The bat closely misses you.
The gnoll hits you with a +0 spear.
* * * LOW HITPOINT WARNING * * *
😨 HP[-3] MP[-1]
You take 3 damage, and now have 5/18 hp.
You lost 1 mp, and now have 3/5 mp.
Aiming: Freeze (safe; 3% risk of failure)
Press: ? - help, Q - select action, (/) - cycle Shift-Dir - straight line, f/p - gnoll
Aim: a gnoll, wielding a +0 spear (moderately wounded)
You freeze the gnoll. The bat barely misses you.
The gnoll barely misses you. 😨 MP[-1]
You lost 1 mp, and now have 2/5 mp.
Aiming: Freeze (safe; 3% risk of failure)
Press: ? - help, Q - select action, (/) - cycle Shift-Dir - straight line, f/p - gnoll
Aim: a gnoll, wielding a +0 spear (severely wounded)
You freeze the gnoll. The bat barely misses you.
The gnoll hits you with a +0 spear!
Ouch! That really hurt!
You die...

Action                   || total
-------------------------++-------
Melee: Unarmed           ||     6
       Club              ||     9
       Constrict         ||     8
       Tentacles         ||     3
       Falchion          ||     5
 Cast: Freeze            ||    13
 Stab: Sleeping          ||     2
Armor: Skin              ||     4
Dodge: Dodged            ||    41

Levels and vault maps discovered:
D:1:      nicolae_arrival_memento_mori, layout_basic, minmay_fountain_box,
          chequers_hall_statues_y, kennysheep_flooded_box

Notes
Turn   | Place    | Note
-------+----------+-------------------------------------------
     0 | D:1      | mcwallace the Octopode Ice Elementalist began the quest for
                  | the Orb.
     0 | D:1      | Reached XP level 1. HP: 11/11 MP: 3/3
     0 | D:1      | magus.rc [v1.9.6]
   187 | D:1      | Reached XP level 2. HP: 18/18 MP: 5/5
   494 | D:1      | Slain by a gnoll

Vanquished Creatures
  3 ball pythons (D:1)
  3 bats (D:1)
  3 goblins (D:1)
  A kobold (D:1)
  2 rats (D:1)
12 creatures vanquished.

Table legend:
 A = Non-vault XP
 B = Vault XP
 C = Vault XP percentage of total XP
 D = Non-vault monster count
 E = Vault monster count
 F = Vault count percentage of total count
                 A         B        C        D         E       F
            +---------+---------+-------+---------+---------+-------
      Total |      19 |       0 |   0.0 |      12 |       0 |   0.0
            +---------+---------+-------+---------+---------+-------
        D:1 |      19 |       0 |   0.0 |      12 |       0 |   0.0
            +---------+---------+-------+---------+---------+-------

Illustrated notes

Table legend:
 A = Kills in this place as a percentage of kills in entire the game.
 B = Kills by you in this place as a percentage of kills by you in the entire game.
 C = Kills by friends in this place as a percentage of kills by friends in the entire game.
 D = Other kills in this place as a percentage of other kills in the entire game.
 E = Experience gained in this place as a percentage of experience gained in the entire game.
 F = Experience gained in this place divided by the number of levels of this place that you have seen.
                   A       B       C       D       E      F
               +-------+-------+-------+-------+-------+----------------------
         Total | 100.0 | 100.0 |   N/A |   N/A | 100.0 |  19.0
       Dungeon | 100.0 | 100.0 |   N/A |   N/A | 100.0 |  19.0
               +-------+-------+-------+-------+-------+----------------------

Table legend: (Time is in decaauts)
 A = Elapsed time spent in this place.
 B = Non-inter-level travel time spent in this place.
 C = Inter-level travel time spent in this place.
 D = Time resting spent in this place.
 E = Time spent auto-exploring this place.
 F = Levels seen in this place.
 G = Mean time per level.
                   A        B        C        D        E       F      G
               +--------+--------+--------+--------+--------+-----+--------+
         Total |    497 |    487 |     10 |      0 |    377 |   1 |  497.0 |
       Dungeon |    497 |    487 |     10 |      0 |    377 |   1 |  497.0 |
               +--------+--------+--------+--------+--------+-----+--------+

Top non-repeatable levels by time:
     D:1: 497 daAuts
